 Dungeon Crawl Stone Soup version 0.28-a0-556-gab23d0e057 (webtiles) character file.

Game seed: 12587801248642700280

144 lunkers the Skirmisher (level 5, -2/41 HPs)
             Began as a Djinni Cinder Acolyte on Sept 28, 2021.
             Was a High Priest of Ignis.
             Slain by an adder (3 damage)
             ... on level 3 of the Dungeon.
             The game lasted 00:05:23 (2792 turns).

lunkers the Skirmisher (Djinni Cinder Acolyte)      Turns: 2792, Time: 00:05:24

Health: -2/41      AC:  2    Str: 13    XL:     5   Next: 52%
Gold:   110        EV: 11    Int: 16    God:    Ignis [*****.] SH:  0 Dex:  9

rFire   + + +      SeeInvis .   a - -1 falchion (flame)
rCold   x . .      Faith    .   (no shield)
rNeg    . . .      Spirit   .   b - +0 robe
rPois   ∞          Reflect  .   (no helmet)
rElec   .          Harm     .   (no cloak)
rCorr   .          Rampage  .   (no gloves)
Will    .....                   (boots unavailable)
Stlth   +.........              (no amulet)
HPRegen 0.13/turn               (no ring)
MPRegen 0.00/turn               (no ring)

@: flying
A: sickness immunity, fire resistance 2, cold vulnerability 1, float, innate
caster, hp casting, extra vitality 1
a: Renounce Religion, Sea of Fire, Foxfire Swarm, Rising Flame


You were on level 3 of the Dungeon.
You worshipped Ignis.
Ignis was extremely pleased with you.
You visited 1 branch of the dungeon, and saw 3 of its levels.

You collected 110 gold pieces.

Inventory:

Hand Weapons
 a - a -1 falchion of flaming (weapon)
Armour
 b - a +0 robe (worn)
Scrolls
 c - 3 scrolls of enchant weapon {unknown}
 d - 5 scrolls of identify {unknown}
 e - 2 scrolls of immolation {unknown}
 f - a scroll of fear {unknown}
 h - a scroll of amnesia {unknown}


   Skills:
 + Level 4.1 Fighting
 - Level 2.6 Long Blades
 * Level 3.9 Spellcasting


You had 6 spell levels left.
You knew the following spells:

 Your Spells              Type           Power      Damage    Failure   Level
a - Corpse Rot            Necr/Air       N/A        N/A       4%          2
b - Scorch                Fire           30%        2d6       4%          2
c - Foxfire               Conj/Fire      60%        2x1d7     3%          1
Your spell library was empty.

Dungeon Overview and Level Annotations

Branches:
Dungeon (3/15)

Altars:
Hepliaklqana

Annotations:
D:3 3 runed translucent doors, Grinder; elongatedgoose's ghost, weakling KoBr


Innate Abilities, Weirdness & Mutations

You are immune to sickness and miasma.
You are immune to poison.
Your flesh is very heat resistant. (rF++)
You are vulnerable to cold. (rC-)
You float through the air rather than walking.
You learn spells naturally, not from books.
Your magical power is your life essence.
You have superior vitality. (+4 HP)


Message History

Grinder is moderately wounded.
Grinder's fire resistance burns away.
* * * LOW HITPOINT WARNING * * *
Casting: Scorch (safe; 4% risk of failure)
Press: ? - help, Q - select action, (/) - cycle Dir - look around, f - activate Flames lash Grinder.
Grinder is burned terribly!
Grinder is heavily wounded.
* * * LOW HITPOINT WARNING * * *
Grinder hits you.
* * * LOW HITPOINT WARNING * * *
You writhe in agony.
* * * LOW HITPOINT WARNING * * *
Casting: Scorch (safe; 4% risk of failure)
Press: ? - help, Q - select action, (/) - cycle Dir - look around, f - activate Flames lash Grinder.
Grinder is burned terribly!
Grinder is severely wounded.
The kobold brigand shouts!
* * * LOW HITPOINT WARNING * * *
You hear a shout!
An adder comes into view.
Grinder gestures at you.
You struggle to resist.
Okay, then.
It was a potion of cancellation.
You feel magically purged.
Grinder blinks!
You don't have enough health to cast this spell.
You don't have enough health to cast this spell.
Hit: a) -1 falchion (flame)
Press: ? - help, Dir - move target, f - adder
Aim: an adder (about 65% to evade your -1 falchion of flaming)
Okay, then.
Casting: Scorch (safe; 4% risk of failure)
Confirm with . or Enter, or press ? or * to list all spells.
Okay, then.
Casting: Scorch (safe; 4% risk of failure)
Confirm with . or Enter, or press ? or * to list all spells.
You conjure some foxfire!
* * * LOW HITPOINT WARNING * * *
Grinder is no longer more vulnerable to fire.
The adder bites you.
You die...

#.
...########.......#
.......# #....##.#
#.....# #....#
#.....# #....#
#.....# ##....# K
#...5.###.....#
K+.#.............#
W+....S.v........#
K+...)§@v...........
K#.#)####.........#.#
#...........#
####.....#..#
...####..# ..... ....


You could see Grinder, a kobold brigand, elongatedgoose's ghost, an adder (ally
target) and 3 kobolds.

Vanquished Creatures
  An orc wizard (D:3)
  5 adders (D:2)
  A worm (D:2)
  2 dart slugs
  4 orcs (D:3)
  3 bats
  8 endoplasms
  4 giant cockroaches
  8 goblins
  4 hobgoblins
  2 quokkas (D:2)
  5 ball pythons
  7 frilled lizards
  4 kobolds
  6 rats
64 creatures vanquished.

Notes
Turn   | Place    | Note
-------+----------+-------------------------------------------
     0 | D:1      | lunkers the Djinni Cinder Acolyte began the quest for the
                  | Orb.
     0 | D:1      | Reached XP level 1. HP: 20/20 MP: 0/0
   167 | D:1      | Reached XP level 2. HP: 14/25 MP: 0/0
   591 | D:1      | Found a faded altar of an unknown god.
   904 | D:2      | Reached XP level 3. HP: 25/30 MP: 0/0
   904 | D:2      | Learned a level 1 spell: Foxfire
  1064 | D:2      | Found a hazy altar of Hepliaklqana.
  1344 | D:2      | Reached XP level 4. HP: 14/36 MP: 0/0
  2262 | D:2      | Reached XP level 5. HP: 35/41 MP: 0/0
  2262 | D:2      | Learned a level 2 spell: Corpse Rot
  2775 | D:3      | Found a runed translucent gate.
  2775 | D:3      | Found a runed translucent gate.
  2775 | D:3      | Found a runed translucent gate.
  2777 | D:3      | Noticed elongatedgoose's ghost (weakling KoBr)
  2781 | D:3      | Reached skill level 4 in Fighting
  2787 | D:3      | Noticed Grinder
  2790 | D:3      | Noticed a kobold brigand
  2792 | D:3      | Slain by an adder

Illustrated notes

Levels and vault maps discovered:
D:1:      nicolae_arrival_somewhat_less_tricky_arrival, layout_basic,
          ebering_ecumenical_altar_ruins, nrook_loot_triangle
D:2:      layout_rooms, basic_altar, minmay_divided_ellipse
D:3:      layout_basic, gammafunk_ghost_nasty_kobolds, uniq_grinder

Skill      XL: |  1  2  3  4  5 |
---------------+----------------+-----
Spellcasting   | 3 |  3.9
Fighting       | 4 |  4.1
Long Blades    | |  2.6

Action                   |  1- 3 |  4- 6 || total
-------------------------+-------+-------++-------
Melee: Falchion          |    89 |     4 ||    93
 Cast: Scorch            |     2 |    56 ||    58
       Foxfire           |       |     1 ||     1
  Use: Potion            |       |     1 ||     1
Armor: Robe              |    20 |     3 ||    23
Dodge: Dodged            |    53 |    11 ||    64

Table legend: (Time is in decaauts)
 A = Elapsed time spent in this place.
 B = Non-inter-level travel time spent in this place.
 C = Inter-level travel time spent in this place.
 D = Time resting spent in this place.
 E = Time spent auto-exploring this place.
 F = Levels seen in this place.
 G = Mean time per level.
                   A        B        C        D        E       F      G
               +--------+--------+--------+--------+--------+-----+--------+
         Total |   2807 |   2766 |     41 |      0 |   2408 |   3 |  935.7 |
       Dungeon |   2807 |   2766 |     41 |      0 |   2408 |   3 |  935.7 |
               +--------+--------+--------+--------+--------+-----+--------+

Top non-repeatable levels by time:
     D:2: 1673 daAuts
     D:1: 871 daAuts
     D:3: 262 daAuts
